 Dungeon Crawl Stone Soup version 0.31.0-12-g77e489cdc1 (webtiles) character file.

Game seed: 13036266720082531680

304 Gadfly the Sneak (level 6, 0/30 HPs)
             Began as a Spriggan Enchanter on Feb 17, 2024.
             Killed from afar by a white imp (5 damage)
             ... with a puff of frost
             ... on level 4 of the Dungeon.
             The game lasted 00:05:09 (3947 turns).

Gadfly the Sneak (Spriggan Enchanter)               Turns: 3947, Time: 00:05:10

Health: 0/30       AC:  4    Str:  8      XL:     6   Next: 15%
Magic:  11/12      EV: 18    Int: 17      God:
Gold:   65         SH:  0    Dex: 15 (17) Spells: 4/12 levels left

rFire   . . .        a - +2 dagger (venom)
rCold   . . .        (no shield)
rNeg    . . .        d - +2 robe "Uwack" {*Corrode Str+4}
rPois   .            (helmet restricted)
rElec   .            (no cloak)
rCorr   .            (gloves unavailable)
SInv    +            (boots unavailable)
Will    +....        n - amulet of the acrobat
Stlth   +++          (no ring)
HPRegen 0.25/turn    (no ring)
MPRegen 0.13/turn

%: corrode self (3%), acrobat
@: very quick
A: very small, no large weapons, unfitting armour, see invisible, speed 3
a: no special abilities


You were on level 4 of the Dungeon.
You visited 1 branch of the dungeon, and saw 5 of its levels.

You collected 233 gold pieces.
You spent 168 gold pieces at shops.

Inventory:

Hand Weapons
 a - a +2 dagger of venom (weapon)
 b - a +2 vampiric short sword
Armour
 d - the +2 robe "Uwack" (worn) {*Corrode Str+4}
   (You bought it in a shop on level 4 of the Dungeon)

   Str+4:     It affects your strength (+4).
   *Corrode:  It may corrode you when you take damage.
 t - an orb of light
Jewellery
 h - an amulet of regeneration
 n - an amulet of the acrobat (around neck)
Wands
 s - a wand of polymorph (5)
Scrolls
 k - a scroll of blinking
 o - a scroll of amnesia
Potions
 c - 2 potions of invisibility
 f - 2 potions of lignification
 g - a potion of enlightenment {unknown}
 i - a potion of heal wounds {unknown}
 j - 2 potions of curing
 l - a potion of resistance
 p - a potion of might {unknown}


   Skills:
 + Level 1.6 Fighting
 + Level 2.8 Short Blades
 + Level 4.0 Dodging
 + Level 5.6 Stealth
 + Level 3.8 Spellcasting
 + Level 4.4 Hexes
 + Level 2.8 Evocations


You had 4 spell levels left.
You knew the following spells:

 Your Spells              Type           Power      Damage    Failure   Level
a - Ensorcelled Hibernat  Hex/Ice        20%        N/A       10%         2
b - Confusing Touch       Hex            18%        N/A       8%          3
c - Sigil of Binding      Hex            18%        N/A       8%          3

Your spell library contained the following spells:

 Spells                   Type           Power      Damage    Failure   Level
 Tukima's Dance           Hex            18%        N/A       8%          3
 Apportation              Tloc           6%         N/A       16%         1
 Necrotise                Necr           12%        1d4       16%         1
 Sting                    Conj/Alch      12%        1d3       16%         1
 Summon Small Mammal      Summ           12%        N/A       16%         1
 Dazzling Flash           Conj/Hex       20%        N/A       19%         3
 Call Canine Familiar     Summ           3%         N/A       43%         3
 Passwall                 Erth           3%         N/A       43%         3
 Swiftness                Air            3%         N/A       43%         3
 Dimensional Bullseye     Hex/Tloc       5%         N/A       54%         4


Dungeon Overview and Level Annotations

Branches:
Dungeon (5/15)
 Temple: D:4-7

Altars:
Elyvilon

Shops:
D:4 [*


Innate Abilities, Weirdness & Mutations

You are very small and have problems with some larger weapons.
You are too small for most types of armour.
You have supernaturally acute eyesight. (SInv)
You cover ground extremely quickly. (Speed+++)


Message History

The ufetubus misses you. The ufetubus barely misses you.
The white imp hits you. The white imp freezes you.
You closely miss the ufetubus.
The ufetubus hits you but does no damage. x2
You closely miss the ufetubus. The white imp gestures at you.
The puff of frost hits you. The ufetubus closely misses you.
The ufetubus barely misses you.
You are too injured to fight recklessly!
You are too injured to fight recklessly!
You are too injured to fight recklessly!
You are too injured to fight recklessly!
You are too injured to fight recklessly!
You are too injured to fight recklessly!
You are too injured to fight recklessly!
You are too injured to fight recklessly!
You are too injured to fight recklessly!
You are too injured to fight recklessly!
You are too injured to fight recklessly!
You are too injured to fight recklessly!
You are too injured to fight recklessly!
You are too injured to fight recklessly!
You are too injured to fight recklessly!
You are too injured to fight recklessly!
You are too injured to fight recklessly!
You are too injured to fight recklessly!
You are too injured to fight recklessly!
You are too injured to fight recklessly!
You are too injured to fight recklessly!
You are too injured to fight recklessly!
There are monsters nearby!
You barely miss the ufetubus. The ufetubus hits you. The ufetubus misses you.
The white imp gestures at you. The puff of frost hits you.
* * * LOW HITPOINT WARNING * * *
You hit the ufetubus but do no damage. The ufetubus completely misses you.
The ufetubus barely misses you. The white imp gestures at you.
The puff of frost hits you.
You die...

.......## ##..## #######
#. ##...†..## ##..# #.
##......#####.## #.
###......###..## #.
##......###..## #.
###......##..# #.
##......#..## #####.
##......#†.## #####..÷÷.
##......5@...####......###
##.........5........#####
##[..............#####
#........#.....###
#.......###....# ### ###
####[...# ##...###.# #.##
###### ##.###.##
...####### #.##.##
.........# #.#.##


You could see a white imp and an ufetubus.

Vanquished Creatures
  A scorpion (D:4)
  A quasit (D:4)
  2 hounds (D:4)
  An iguana (D:4)
  6 adders
  A shadow imp (D:5)
  2 dart slugs (D:1)
  A ribbon worm (D:4)
  2 endoplasms (D:1)
  2 giant cockroaches
  6 goblins
  11 hobgoblins
  6 jackals (D:4)
  2 kobolds
  2 quokkas
  5 ball pythons
  7 bats
  3 frilled lizards
  A rat (D:3)
  A spectral kobold (D:1)
63 creatures vanquished.

Notes
Turn   | Place    | Note
-------+----------+-------------------------------------------
     0 | D:1      | Gadfly the Spriggan Enchanter began the quest for the Orb.
     0 | D:1      | Reached XP level 1. HP: 9/9 MP: 5/5
   137 | D:1      | Reached XP level 2. HP: 9/13 MP: 6/6
   140 | D:1      | Learned a level 2 spell: Ensorcelled Hibernation
   184 | D:1      | Found a faded altar of an unknown god.
   875 | D:2      | Found a white marble altar of Elyvilon.
   900 | D:2      | Reached skill level 1 in Evocations
  1051 | D:2      | Reached XP level 3. HP: 13/17 MP: 8/8
  1541 | D:2      | Learned a level 3 spell: Confusing Touch
  1543 | D:2      | Identified the +7 orcbow of Grandeur {drain, Will++}
  2538 | D:4      | Found Yki Nast's Antique Armour Shop.
  2547 | D:4      | Bought an ancient robe for 114 gold pieces
  2547 | D:4      | Identified the +2 robe "Uwack" {*Corrode Str+4} (You bought
                  | it in a shop on level 4 of the Dungeon)
  2656 | D:4      | Noticed a scorpion
  2657 | D:4      | Found Onwippuu's Assorted Antiques.
  2663 | D:4      | Killed a scorpion
  2664 | D:4      | Reached skill level 1 in Fighting
  2664 | D:4      | Reached skill level 5 in Stealth
  2664 | D:4      | Reached XP level 4. HP: 22/22 MP: 10/10
  2666 | D:4      | Bought a scroll labelled SASHRO REDDO for 27 gold pieces
  2666 | D:4      | Bought a scroll labelled CIXKYA VIRIU for 27 gold pieces
  2838 | D:4      | Reached XP level 5. HP: 25/25 MP: 8/11
  3817 | D:4      | Learned a level 3 spell: Sigil of Binding
  3883 | D:5      | Entered Level 5 of the Dungeon
  3893 | D:5      | Noticed a water moccasin
  3903 | D:4      | Reached XP level 6. HP: 24/30 MP: 9/12
  3947 | D:4      | Killed from afar by a white imp

Illustrated notes

Levels and vault maps discovered:
D:1:      lemuel_arrival_rhombus, layout_basic,
          dreamdust_ecumenical_altar_drowned_temple, minmay_misc_feat_roman
D:2:      layout_loops_ring, basic_altar, nrook_uturn
D:3:      layout_loops_ring
D:4:      layout_cave_pods, serial_shops, shop, chequers_garden,
          hangedman_decor_growths, minmay_shop_grid_forest
D:5:      minmay_evil_eye, layout_basic, serial_demonic, serial_demonic_a,
          serial_demonic_f, serial_demonic_g, serial_demonic_a,
          minmay_crossroads, uniq_duvessa, uniq_grinder

Skill      XL: |  1  2  3  4  5 |
---------------+----------------+-----
Spellcasting   | 3 |  3.8
Evocations     | 1 2 |  2.8
Dodging        | 3 4 |  4.0
Fighting       | 1 |  1.6
Short Blades   | 2 |  2.8
Stealth        | 5 |  5.6
Hexes          | 4 |  4.4

Action                     |  1- 3 |  4- 6 || total
---------------------------+-------+-------++-------
  Melee: Dagger            |   116 |    96 ||   212
         Punch             |     1 |       ||     1
         Short sword       |     1 |       ||     1
   Cast: Ensorcelled Hiber |     6 |    13 ||    19
         Sigil of Binding  |       |     1 ||     1
         Confusing Touch   |       |     1 ||     1
    Use: Scroll            |    11 |     4 ||    15
         Potion            |     2 |       ||     2
   Stab: Sleeping          |    11 |     9 ||    20
         Distracted        |       |     1 ||     1
         Confused          |       |     1 ||     1
 Armour: Robe              |    40 |    36 ||    76
  Dodge: Dodged            |    90 |   122 ||   212
